 Dungeon Crawl Stone Soup version 0.30-a0-639-g3916f1956a (webtiles) character file.

Game seed: 12534385218927868871

185 acebull12 the Covered (level 5, -6/46 HPs)
             Began as a Minotaur Fighter on Jan 17, 2023.
             Was a Believer of Cheibriados.
             Mangled by a gnoll
             ... wielding a +0 halberd
              (11 damage)
             ... on level 3 of the Dungeon.
             The game lasted 00:08:03 (2250 turns).

acebull12 the Covered (Minotaur Fighter)            Turns: 2250, Time: 00:08:04

Health: -6/46      AC:  7    Str: 28    XL:     5   Next: 37%
Magic:  4/4        EV: 10    Int: 11    God:    Cheibriados [**....]
Gold:   135        SH:  5    Dex: 16    Spells: 4/4 levels left

rFire   . . .      SeeInvis .    a - +0 war axe
rCold   . . .      Faith    .    c - +0 buckler
rNeg    . . .      Spirit   .    b - +0 scale mail
rPois   .          Reflect  .    (helmet restricted)
rElec   .          Harm     .    (no cloak)
rCorr   .          Rampage  .    (no gloves)
Will    .....                    (no boots) Stlth
                                 (no amulet)
HPRegen 0.27/turn                (no ring)
MPRegen 0.09/turn                (no ring)

@: attractive, very slow
A: horns 2, retaliatory headbutt
a: Renounce Religion, Bend Time


You were on level 3 of the Dungeon.
You worshipped Cheibriados.
Cheibriados was pleased with you.
You visited 1 branch of the dungeon, and saw 3 of its levels.

You collected 135 gold pieces.

Inventory:

Hand Weapons
 a - a +0 war axe (weapon)
Missiles
 e - 4 atropa-tipped darts
 j - 6 stones (quivered)
Armour
 b - a +0 scale mail (worn)
 c - a +0 buckler (worn)
Scrolls
 f - 2 scrolls of identify {unknown}
 m - a scroll of brand weapon {unknown}
 n - a scroll of fear {unknown}
 p - a scroll of fog {unknown}
 q - a scroll of amnesia {unknown}
 r - a scroll of torment {unknown}
 s - a scroll of poison {unknown}
Potions
 d - 2 potions of might
 g - a potion of haste {unknown}
 h - a potion of degeneration {unknown}
 i - a potion of brilliance {unknown}
 k - a potion of curing {unknown}
 l - a potion of flight {unknown}
 o - 2 potions of attraction


   Skills:
 + Level 4.2 Fighting
 + Level 3.4 Axes
 * Level 1.9 Throwing
 * Level 4.7 Armour
 + Level 1.0 Dodging
 + Level 0.5 Stealth
 * Level 4.4 Shields
 * Level 0.7 Invocations


You had 4 spell levels left.
You didn't know any spells.
Your spell library contained the following spells:

 Spells                   Type           Power      Damage    Failure   Level
 Magic Dart               Conj           0%         1d3       67%         1
 Slow                     Hex            0%         N/A       67%         1
 Call Imp                 Summ           0%         N/A       82%         2
 Confusing Touch          Hex            0%         N/A       96%         3
 Mephitic Cloud           Conj/Pois/Air  0%         N/A       96%         3
 Vampiric Draining        Necr           0%         2d6       96%         3


Dungeon Overview and Level Annotations

Branches:
Dungeon (3/15)

Altars:
Cheibriados
Dithmenos
Fedhas


Innate Abilities, Weirdness & Mutations

You have a pair of horns on your head.
You reflexively headbutt those who attack you in melee.


Message History

The gnoll is severely wounded.
Throw: 7 stones
Press: ? - help, Q - select action, (/) - cycle Shift-Dir - straight line, f/p - gnoll
Aim: a gnoll, wielding a +0 club (severely wounded, 65% to hit)
You throw a stone.
The stone hits the gnoll but does no damage.
The gnoll is severely wounded.
The gnoll hits you with a +0 club.
You barely miss the gnoll.
The gnoll is severely wounded.
You block the gnoll's attack.
A gnoll comes into view. It is wielding a +0 whip.
You slash the gnoll!
You kill the gnoll!
Cheibriados appreciates the change of pace.
You slash the gnoll!
The gnoll hits you from afar with a +0 halberd!
You block the gnoll's attack. The gnoll barely misses you.
The gnoll hits you from afar with a +0 halberd!
You barely miss the gnoll. Your headbutt misses the gnoll.
The gnoll is heavily wounded.
The gnoll misses you. The gnoll hits you but does no damage.
You slash the gnoll!
You kill the gnoll!
Cheibriados appreciates the change of pace.
The gnoll hits you from afar with a +0 halberd!
The gnoll throws a throwing net.
The throwing net hits you.
You become entangled in the net!
You see here a throwing net.
You struggle against the net.
The gnoll hits you from afar with a +0 halberd!
* * * LOW HITPOINT WARNING * * *
You struggle against the net.
The gnoll hits you but does no damage.
You rip the net and break free!
The gnoll hits you from afar with a +0 halberd.
* * * LOW HITPOINT WARNING * * *
It was a potion of attraction.
You feel attractive to monsters.
The gnoll hits you from afar with a +0 halberd!
You die...

#.#.............
................ ###.
#.#............. ...
#.#.............
#.##.#..............
####....##...#...........
.............#...........
.............#...........
.......g@....#...........
......).######...........
......g.$# #.....†.....
#####.#### #...........
... ####'####.### ....
+.....).).).. #.....
#.≈...≈.#.... #....
#.≈._.≈.#.[.. ....
#.≈...≈.#..##


You could see 2 gnolls.

Vanquished Creatures
  12 gnolls
  An adder (D:2)
  2 worms (D:2)
  A dart slug (D:2)
  An orc (D:2)
  3 endoplasms
  5 giant cockroaches
  2 goblins (D:3)
  2 hobgoblins
  7 jackals (D:1)
  A quokka (D:1)
  5 ball pythons
  5 bats
  2 frilled lizards (D:1)
  4 kobolds
  7 rats
60 creatures vanquished.

Notes
Turn   | Place    | Note
-------+----------+-------------------------------------------
     0 | D:1      | acebull12 the Minotaur Fighter began the quest for the Orb.
     0 | D:1      | Reached XP level 1. HP: 19/19 MP: 0/0
    69 | D:1      | Found a faded altar of an unknown god.
    85 | D:1      | Prayed at the altar of an unknown god.
    85 | D:1      | Became a worshipper of Cheibriados the Contemplative
    85 | D:1      | Reached * piety under Cheibriados
   143 | D:1      | Reached XP level 2. HP: 27/27 MP: 1/1
   591 | D:1      | Reached XP level 3. HP: 28/33 MP: 2/2
  1173 | D:2      | Reached ** piety under Cheibriados
  1888 | D:3      | Found a blossoming altar of Fedhas.
  1954 | D:3      | Reached skill level 1 in Throwing
  1984 | D:2      | Reached XP level 4. HP: 37/40 MP: 3/3
  1997 | D:2      | Reached skill level 1 in Dodging
  2097 | D:3      | Reached XP level 5. HP: 33/46 MP: 4/4
  2173 | D:3      | Found a shadowy altar of Dithmenos.
  2250 | D:3      | Mangled by a gnoll

Illustrated notes

Levels and vault maps discovered:
D:1:      reono_arrival_forest_river, layout_loops_cross,
          shapermc_ecumenical_altar_starsandcircs
D:2:      layout_basic
D:3:      cheibrodos_greedy_goblins, layout_basic,
          nicolae_overflow_crystal_walls, mainiacjoe_overflow_six_doors_small,
          fedhas_ov_isle_minmay

Skill      XL: |  1  2  3  4 |
---------------+-------------+-----
Shields        | 4 |  4.4
Armour         | 4 |  4.7
Axes           | 3 |  3.4
Throwing       | 1 |  1.9
Dodging        | 1 |  1.0
Fighting       | 4 |  4.2
Stealth        | |  0.5
Invocations    | |  0.7

Action                   |  1- 3 |  4- 6 || total
-------------------------+-------+-------++-------
Melee: War axe           |    73 |    32 ||   105
       Headbutt          |    14 |     3 ||    17
Throw: Stone             |     1 |    15 ||    16
  Use: Potion            |       |     1 ||     1
Armor: Scale mail        |    34 |     9 ||    43
Dodge: Dodged            |    45 |    17 ||    62
Block: Buckler           |    15 |    19 ||    34

Table legend: (Time is in decaauts)
 A = Elapsed time spent in this place.
 B = Non-inter-level travel time spent in this place.
 C = Inter-level travel time spent in this place.
 D = Time resting spent in this place.
 E = Time spent auto-exploring this place.
 F = Levels seen in this place.
 G = Mean time per level.
                   A        B        C        D        E       F      G
               +--------+--------+--------+--------+--------+-----+--------+
         Total |   3091 |   2763 |    328 |     77 |   2231 |   3 | 1030.3 |
       Dungeon |   3091 |   2763 |    328 |     77 |   2231 |   3 | 1030.3 |
               +--------+--------+--------+--------+--------+-----+--------+

Top non-repeatable levels by time:
     D:2: 1631 daAuts
     D:1: 1098 daAuts
     D:3: 361 daAuts
